 Dungeon Crawl Stone Soup version 0.22-a0-271-gc000056 (webtiles) character file.

72 tidbits the Insei (level 4, 2/34 HPs)
             Began as a Gnoll Transmuter on Mar 11, 2018.
             Quit the game on level 4 of the Dungeon.
             The game lasted 00:03:06 (304 turns).

tidbits the Insei (Gnoll Transmuter)                 Turns: 304, Time: 00:03:07

Health: 2/34       AC:  2    Str: 13    XL:     4   Next: 26%
Magic:  2/11       EV: 15    Int: 16    God:
Gold:   71         SH:  0    Dex: 15    Spells: 7/13 levels left

rFire    . . .     SeeInvis .   c - ration
rCold    + . .     Gourm    .   (no shield)
rNeg     . . .     Faith    .   b - +0 robe
rPois    .         Spirit   .   (no helmet)
rElec    .         Reflect  .   (no cloak)
rCorr    .         Harm     .   (no gloves)
MR       .....                  (no boots)
Stlth    ++........             (no amulet)
HPRegen  0.11/turn              i - ring of protection from cold
MPRegen  0.12/turn              (no ring)

@: lethally poisoned (2 -> 0)
A: distributed training, fangs 1, strong nose
a: no special abilities


You were on level 4 of the Dungeon.
You were not hungry.

You visited 1 branch of the dungeon, and saw 4 of its levels.

You collected 71 gold pieces.

Inventory:

Missiles
 a - 10 arrows
 d - 16 stones (quivered)
Armour
 b - a +0 robe (worn)
Jewellery
 i - a ring of protection from cold (left hand)
   (You found it on level 3 of the Dungeon)
Wands
 j - a wand of flame (20)
Scrolls
 e - a scroll of enchant armour {unknown}
 f - 2 scrolls of identify {unknown}
 g - a scroll of random uselessness {unknown}
 h - a scroll of fog {unknown}
Comestibles
 c - a ration (in hand)


   Skills:
 + Level 2.7 Fighting
 + Level 1.0 Short Blades
 + Level 1.0 Long Blades
 + Level 1.0 Axes
 + Level 1.0 Maces & Flails
 + Level 1.0 Polearms
 + Level 1.0 Staves
 + Level 1.0 Slings
 + Level 1.0 Bows
 + Level 1.0 Crossbows
 + Level 1.0 Throwing
 + Level 1.0 Armour
 + Level 4.6 Dodging
 + Level 1.0 Stealth
 + Level 1.0 Shields
 + Level 6.6 Unarmed Combat
 + Level 5.0 Spellcasting
 + Level 0.8 Conjurations
 + Level 0.8 Hexes
 + Level 0.8 Charms
 + Level 0.8 Summonings
 + Level 0.8 Necromancy
 + Level 0.8 Translocations
 + Level 3.8 Transmutations
 + Level 0.8 Fire Magic
 + Level 0.8 Ice Magic
 + Level 0.8 Air Magic
 + Level 0.8 Earth Magic
 + Level 0.8 Poison Magic
 + Level 1.1 Invocations
 + Level 1.0 Evocations


You had 7 spell levels left.
You knew the following spells:

 Your Spells              Type           Power        Failure   Level  Hunger
e - Beastly Appendage     Tmut           ###...       3%          1    None
k - Sticks to Snakes      Tmut           ###.....     4%          2    #......
p - Spider Form           Tmut/Pois      ##........   17%         3    ###....


Dungeon Overview and Level Annotations

Branches:
Dungeon (4/15)
 Temple: D:4-7

Altars:


Innate Abilities, Weirdness & Mutations

Your experience applies equally to all skills.
You have very sharp teeth.
Your uncanny sense of smell can sniff out nearby items.


Message History

You miscast Spider Form.
You are very lightly contaminated with residual magic.
Nothing appears to happen.
There is a stone staircase leading down here.
The goblin completely misses you.
You climb downwards.
A worker ant comes into view.
The worker ant twitches its antennae in your direction.
Found a spear and a sharpened glass wand.
There is a stone staircase leading up here.
Casting: Spider Form (safe; 19% risk of failure)
Confirm with . or Enter, or press ? or * to list all spells.
You don't have enough magic to cast that spell.
Unknown command.
You barely miss the goblin. The goblin hits you but does no damage.
You hit the goblin.
The goblin is heavily wounded.
The goblin hits you but does no damage.
You hit the goblin.
You kill the goblin!
Casting: Spider Form (safe; 19% risk of failure)
Confirm with . or Enter, or press ? or * to list all spells.
You turn into a venomous arachnid creature.
Your +0 robe melds into your body.
You hit the worker ant.
The worker ant is poisoned.
The worker ant is moderately wounded.
The worker ant bites you!
* * * LOW HITPOINT WARNING * * *
You are lethally poisoned!
The worker ant poisons you!
You hit the worker ant.
The worker ant looks as sick as possible!
The worker ant is severely wounded.
* * * LOW HITPOINT WARNING * * *
You feel sick.
You kill the worker ant!
Your Short Blades skill increases to level 1!
Your Long Blades skill increases to level 1!
Your Axes skill increases to level 1!
Your Maces & Flails skill increases to level 1!
Your Polearms skill increases to level 1!
Your Staves skill increases to level 1!
Your Slings skill increases to level 1!
Your Bows skill increases to level 1!
Your Crossbows skill increases to level 1!
Your Throwing skill increases to level 1!
Your Armour skill increases to level 1!
Your Stealth skill increases to level 1!
Your Shields skill increases to level 1!
Your Evocations skill increases to level 1!
You have reached level 4!
You feel stronger.
You aren't carrying any potions.
* * * LOW HITPOINT WARNING * * *
You feel sick.
* * * LOW HITPOINT WARNING * * *
You feel sick.
* * * LOW HITPOINT WARNING * * *
You feel sick.
* * * LOW HITPOINT WARNING * * *
You feel sick.
You see here a wand of flame (20).
j - a wand of flame (20)
* * * LOW HITPOINT WARNING * * *
You feel sick.
Your transformation has ended.
Your +0 robe unmelds from your body.
Wield which item (- for none, * to show all)? (? for menu, Esc to quit)
Okay, then.
Adjust (i)tems, (s)pells, or (a)bilities?
Adjust which item? (? for menu, Esc to quit)
d - a ration Adjust to which letter? (? for menu, Esc to quit)
c - a ration;
d - 16 stones (quivered)
Wield which item (- for none, * to show all)? (? for menu, Esc to quit)
c - a ration (in hand)
* * * LOW HITPOINT WARNING * * *
You feel sick.
You swing at nothing.
* * * LOW HITPOINT WARNING * * *
You feel sick.
You swing at nothing.
* * * LOW HITPOINT WARNING * * *
You feel sick.
You swing at nothing.
* * * LOW HITPOINT WARNING * * *
You feel sick.
Your magical contamination has completely faded away.
You swing at nothing.
You swing at nothing.
* * * LOW HITPOINT WARNING * * *
You feel sick.
You swing at nothing.
* * * LOW HITPOINT WARNING * * *
You feel sick.
You swing at nothing.
A worker ant zombie comes into view.
You swing at nothing.
* * * LOW HITPOINT WARNING * * *
You feel sick.
Are you sure you want to abandon this character and quit the game? (Confirm with "yes".)

.# .# ###.###
###+#.....#
#.......# #.......#
####@......#
..............#
.......)...<..#
............†......
..........#.#.#.###
......###.#.#.# ..
...... #.### # ##
..Z.## #.# #.


You could see a worker ant zombie (wandering).

Vanquished Creatures
  A worker ant (D:4)
  2 dart slugs
  2 orcs (D:3)
  2 ball pythons
  2 goblins
  A hobgoblin (D:1)
  2 jackals (D:2)
  2 bats
  A kobold (D:1)
15 creatures vanquished.

Vanquished Creatures (collateral kills)
  An orc priest (D:3)
  A goblin (D:2)
  A hobgoblin (D:2)
  A rat (D:2)
4 creatures vanquished.

Grand Total: 19 creatures vanquished

Notes
Turn   | Place    | Note
-------+----------+-------------------------------------------
     0 | D:1      | tidbits the Gnoll Transmuter began the quest for the Orb.
     0 | D:1      | Reached XP level 1. HP: 17/17 MP: 6/6
    60 | D:1      | Reached XP level 2. HP: 13/23 MP: 5/7
    64 | D:1      | Learned a level 2 spell: Sticks to Snakes
   211 | D:3      | Reached skill level 5 in Spellcasting
   211 | D:3      | Reached skill level 1 in Invocations
   211 | D:3      | Reached XP level 3. HP: 13/28 MP: 5/9
   216 | D:3      | Learned a level 3 spell: Spider Form
   288 | D:4      | Reached skill level 1 in Short Blades
   288 | D:4      | Reached skill level 1 in Long Blades
   288 | D:4      | Reached skill level 1 in Axes
   288 | D:4      | Reached skill level 1 in Maces & Flails
   288 | D:4      | Reached skill level 1 in Polearms
   288 | D:4      | Reached skill level 1 in Staves
   288 | D:4      | Reached skill level 1 in Slings
   288 | D:4      | Reached skill level 1 in Bows
   288 | D:4      | Reached skill level 1 in Crossbows
   288 | D:4      | Reached skill level 1 in Throwing
   288 | D:4      | Reached skill level 1 in Armour
   288 | D:4      | Reached skill level 1 in Stealth
   288 | D:4      | Reached skill level 1 in Shields
   288 | D:4      | Reached skill level 1 in Evocations
   288 | D:4      | Reached XP level 4. HP: 12/34 MP: 0/11
   301 | D:4      | HP: 3/34 [poisoned by a worker ant]
   304 | D:4      | Quit the game

Vault maps used:
D:1:      dpeg_arrival_stone_temple_mockup, minmay_crystal_water
D:2:      minitemple, minmay_door_square
D:3:      minmay_misc_feat_rows, hex_tiny
D:4:      minmay_temple_entry_butterflies, first_ration, serial_shops,
          shop_coins

Skill      XL: |  1  2  3 |
---------------+----------+-----
Spellcasting   | 5 |  5.0
Invocations    | 1 |  1.1
Short Blades   | 1 |  1.0
Long Blades    | 1 |  1.0
Axes           | 1 |  1.0
Maces & Flails | 1 |  1.0
Polearms       | 1 |  1.0
Staves         | 1 |  1.0
Slings         | 1 |  1.0
Bows           | 1 |  1.0
Crossbows      | 1 |  1.0
Throwing       | 1 |  1.0
Armour         | 1 |  1.0
Stealth        | 1 |  1.0
Shields        | 1 |  1.0
Evocations     | 1 |  1.0
Fighting       | |  2.7
Dodging        | |  4.6
Unarmed Combat | |  6.6
Conjurations   | |  0.8
Hexes          | |  0.8
Charms         | |  0.8
Summonings     | |  0.8
Necromancy     | |  0.8
Translocations | |  0.8
Transmutations | |  3.8
Fire Magic     | |  0.8
Ice Magic      | |  0.8
Air Magic      | |  0.8
Earth Magic    | |  0.8
Poison Magic   | |  0.8

Action                   |  1- 3 |  4- 6 || total
-------------------------+-------+-------++-------
Melee: Unarmed           |    38 |       ||    38
       Kick              |     7 |       ||     7
       Bite              |     3 |       ||     3
 Cast: Beastly Appendage |     8 |       ||     8
       Sticks to Snakes  |     2 |       ||     2
       Spider Form       |     3 |       ||     3
 Abil: End Transformatio |       |     1 ||     1
 Stab: Sleeping          |     1 |       ||     1
Armor: Robe              |     4 |       ||     4
Dodge: Dodged            |    29 |       ||    29

Table legend:
 A = Spawn XP
 B = Non-spawn XP
 C = Spawn XP percentage of total XP
 D = Spawn monster count
 E = Non-spawn monster count
 F = Spawn count percentage of total count
 G = Total turns spent on level
                    A         B        C        D         E        F      G
               +---------+---------+-------+---------+---------+-------+---------
         Total |       0 |     104 |   0.0 |       0 |      19 |   0.0 |   304
               +---------+---------+-------+---------+---------+-------+---------
           D:1 |       0 |      10 |   0.0 |       0 |       5 |   0.0 |    99
           D:2 |       0 |      11 |   0.0 |       0 |       7 |   0.0 |    75
           D:3 |       0 |      49 |   0.0 |       0 |       5 |   0.0 |   107
           D:4 |       0 |      34 |   0.0 |       0 |       2 |   0.0 |    23
               +---------+---------+-------+---------+---------+-------+---------

Table legend:
 A = Turns spent in this place as a percentage of turns spent in the entire game.
 B = Non-inter-level travel turns spent in this place as a percentage of non-inter-level travel turns spent in the entire game.
 C = Inter-level travel turns spent in this place as a percentage of turns spent in this place.
 D = Turns resting spent in this place as a percentage of non-inter-level travel turns spent in this place.
 E = Turns spent auto-exploring this place as a percentage of non-inter-level travel turns spent in this place.
 F = Non-inter-level travel turns spent in this place divided by the number of levels of this place that you've seen.
                   A       B       C       D       E      F
               +-------+-------+-------+-------+-------+----------------------
         Total | 100.0 | 100.0 |   0.0 |   0.0 |   0.0 |  76.0
       Dungeon | 100.0 | 100.0 |   0.0 |   0.0 |   0.0 |  76.0
               +-------+-------+-------+-------+-------+----------------------

Table legend:
 A = Kills in this place as a percentage of kills in entire the game.
 B = Kills by you in this place as a percentage of kills by you in the entire game.
 C = Kills by friends in this place as a percentage of kills by friends in the entire game.
 D = Other kills in this place as a percentage of other kills in the entire game.
 E = Experience gained in this place as a percentage of experience gained in the entire game.
 F = Experience gained in this place divided by the number of levels of this place that you have seen.
                   A       B       C       D       E      F
               +-------+-------+-------+-------+-------+----------------------
         Total | 100.0 | 100.0 | 100.0 |   N/A | 100.0 |  26.0
       Dungeon | 100.0 | 100.0 | 100.0 |   N/A | 100.0 |  26.0
               +-------+-------+-------+-------+-------+----------------------

Vault maps used:
D:1:      dpeg_arrival_stone_temple_mockup, minmay_crystal_water
D:2:      minitemple, minmay_door_square
D:3:      minmay_misc_feat_rows, hex_tiny
D:4:      minmay_temple_entry_butterflies, first_ration, serial_shops,
          shop_coins
